 Dungeon Crawl Stone Soup version 0.20.0-15-g7f486f2 (webtiles) character file.

296 protoss039 the Chopper (level 6, -3/56 HPs)
             Began as a Minotaur Monk on June 24, 2017.
             Slain by Sunburn's ghost (22 damage)
             ... on level 4 of the Dungeon.
             The game lasted 00:10:21 (2733 turns).

protoss039 the Chopper (Minotaur Monk)              Turns: 2733, Time: 00:10:22

Health: -3/56      AC:  6    Str: 18    XL:     6   Next: 12%
Magic:  5/5        EV: 11    Int:  7    God:
Gold:   120        SH:  0    Dex: 12    Spells: 5/5 levels left

rFire    . . .     SeeInvis .   k - +3 hand axe (drain)
rCold    + . .     Gourm    .   (no shield)
rNeg     . . .     Faith    .   e - +0 scale mail
rPois    .         Spirit   .   (helmet restricted)
rElec    .         Reflect  .   (no cloak)
rCorr    .         Harm     .   (no gloves)
MR       .....                  (no boots)
Stlth    ..........             (no amulet)
Regen    0.2/turn               h - ring of protection from cold
MPRegen  0.1/turn               (no ring)

@: flying
A: retaliatory headbutt, horns 2
a: no special abilities


You were on level 4 of the Dungeon.
You were hungry.

You visited 1 branch of the dungeon, and saw 4 of its levels.

You collected 120 gold pieces.

Inventory:

Hand Weapons
 k - a +3 hand axe of draining (weapon)
Missiles
 d - 2 needles of confusion
 n - 7 javelins (quivered)
 y - 2 tomahawks
Armour
 e - a +0 scale mail (worn)
 i - a +1 ring mail
Jewellery
 b - an uncursed ring of poison resistance {unknown}
 h - a ring of protection from cold (left hand)
 t - an uncursed ring of ice {unknown}
Scrolls
 r - 2 scrolls of recharging
 u - a scroll of fog {unknown}
 x - a scroll of blinking {unknown}
Potions
 a - a potion of cancellation {unknown}
 g - a potion of curing {unknown}
 j - a potion of invisibility {unknown}
 l - 2 potions of flight
 m - a potion of brilliance {unknown}
 o - 2 potions of berserk rage {unknown}
 q - a potion of heal wounds {unknown}
 w - 2 potions of haste {unknown}
Comestibles
 c - 4 bread rations
 f - 2 fruits
 p - 3 meat rations
 s - a royal jelly


   Skills:
 + Level 5.4 Fighting
 * Level 6.1 Axes
 + Level 3.4 Armour
 - Level 3.2 Dodging
 - Level 1.5 Stealth


You had 5 spell levels left.
You didn't know any spells.

Dungeon Overview and Level Annotations

Branches:
Dungeon (4/15)
 Temple: D:4-7

Altars:
Ashenzari
Fedhas
Nemelex Xobeh
Sif Muna
Trog

Annotations:
D:4 Sunburn's ghost, amateur OgFE


Innate Abilities, Weirdness & Mutations

You reflexively headbutt those who attack you in melee.
You have a pair of horns on your head.


Message History

Sunburn's ghost turns its malevolent gaze towards you.
You hit Sunburn's ghost.
Sunburn's ghost is lightly damaged.
Sunburn's ghost hits you!!
Unknown command.
You closely miss Sunburn's ghost. Your headbutt misses Sunburn's ghost.
Sunburn's ghost is lightly damaged.
Sunburn's ghost hits you.
You closely miss Sunburn's ghost.
Sunburn's ghost is lightly damaged.
Sunburn's ghost hits you!
Unknown command.
Unknown command.
Press: ? - help, v - describe, . - travel
Here: Sunburn's ghost The floor.
It was a potion of flight.
You feel very buoyant.
You fly up into the air.
Sunburn's ghost hits you!!
You die...

###############
#....<..<.....#
#.###########.#
#.# #####.# #.#
#.....# #@#
#.##### #W# #.#
#.# #.#### #[#
#....# #.#
####.##### #..
#.....# ###
#######>#
#.......#
#.####[..


You could see Sunburn's ghost.

Vanquished Creatures
  3 orc priests (D:3)
  An iguana (D:3)
  2 orc wizards (D:3)
  5 adders
  An ooze (D:3)
  A worm (D:2)
  3 dart slugs
  2 leopard geckos
  4 orcs (D:3)
  9 bats
  3 giant cockroaches
  10 goblins
  6 hobgoblins
  10 kobolds
  A quokka (D:2)
  5 frilled lizards
  7 rats
73 creatures vanquished.

Notes
Turn   | Place    | Note
-------+----------+-------------------------------------------
     0 | D:1      | protoss039 the Minotaur Monk began the quest for the Orb.
     0 | D:1      | Reached XP level 1. HP: 19/19 MP: 0/0
   204 | D:1      | Reached XP level 2. HP: 23/27 MP: 1/1
   327 | D:1      | Reached skill level 4 in Axes
   377 | D:1      | Reached skill level 1 in Armour
   920 | D:1      | Reached XP level 3. HP: 33/33 MP: 2/2
  1514 | D:2      | Reached XP level 4. HP: 39/41 MP: 3/3
  1973 | D:3      | Found a sparkling altar of Nemelex Xobeh.
  2029 | D:3      | Reached skill level 5 in Axes
  2073 | D:3      | Reached XP level 5. HP: 37/47 MP: 4/4
  2111 | D:3      | Reached skill level 5 in Fighting
  2138 | D:3      | Found a shattered altar of Ashenzari.
  2142 | D:3      | Found a blossoming altar of Fedhas.
  2142 | D:3      | Found a bloodstained altar of Trog.
  2170 | D:3      | Found a deep blue altar of Sif Muna.
  2174 | D:3      | Reached skill level 6 in Axes
  2354 | D:3      | Reached XP level 6. HP: 48/56 MP: 5/5
  2727 | D:4      | Noticed Sunburn's ghost (amateur OgFE)
  2733 | D:4      | Slain by Sunburn's ghost

Skill      XL: |  1  2  3  4  5 |
---------------+----------------+-----
Fighting       | 4 5 |  5.4
Axes           | 4 5 6 |  6.1
Armour         | 1 2 3 |  3.4
Dodging        | |  3.2
Stealth        | |  1.5

Action                   |  1- 3 |  4- 6 || total
-------------------------+-------+-------++-------
Melee: Hand axe          |    58 |    71 ||   129
       Headbutt          |     9 |     7 ||    16
  Use: Scroll            |       |     5 ||     5
       Potion            |       |     1 ||     1
 Stab: Sleeping          |     1 |       ||     1
  Eat: Chunk             |     2 |     3 ||     5
Armor: Robe              |     4 |       ||     4
       Ring mail         |    18 |     7 ||    25
       Scale mail        |       |    12 ||    12
Dodge: Dodged            |    45 |    34 ||    79
